[gd_scene load_steps=12 format=2]

[ext_resource path="res://assets/particles/smoke.png" type="Texture" id=1]
[ext_resource path="res://assets/particles/paper_piece.svg" type="Texture" id=2]

[sub_resource type="GDScript" id=18]
script/source = "extends Spatial

const SCROLL_SPEED: float = 8.5

func _ready() -> void:
	$Particles.emitting = true
	$Particles2.emitting = true
	
	yield(get_tree().create_timer(3.0), \"timeout\")
	queue_free()

func _physics_process(delta: float) -> void:
	transform.origin.x -= SCROLL_SPEED * delta
"

[sub_resource type="Curve" id=16]
_data = [ Vector2( 0, 0 ), 0.0, 0.0, 0, 0, Vector2( 0.255906, 1 ), 0.0, 0.0, 0, 0, Vector2( 0.755906, 1 ), 0.0, 0.0, 0, 0, Vector2( 1, 0 ), 0.0, 0.0, 0, 0 ]

[sub_resource type="CurveTexture" id=17]
curve = SubResource( 16 )

[sub_resource type="ParticlesMaterial" id=13]
emission_shape = 1
emission_sphere_radius = 1.0
spread = 180.0
gravity = Vector3( 0, 0, 0 )
initial_velocity = 0.5
initial_velocity_random = 0.5
scale_curve = SubResource( 17 )
color = Color( 1, 0.956863, 0.686275, 1 )
hue_variation = 1.0
hue_variation_random = 1.0

[sub_resource type="SpatialMaterial" id=14]
flags_transparent = true
params_blend_mode = 1
params_billboard_mode = 3
particles_anim_h_frames = 1
particles_anim_v_frames = 1
particles_anim_loop = false
albedo_color = Color( 0.52549, 0.52549, 0.52549, 0.596078 )
albedo_texture = ExtResource( 1 )

[sub_resource type="QuadMesh" id=15]
material = SubResource( 14 )
size = Vector2( 0.8, 0.8 )

[sub_resource type="ParticlesMaterial" id=19]
emission_shape = 1
emission_sphere_radius = 1.0
spread = 180.0
gravity = Vector3( 0, 0, 0 )
initial_velocity = 0.5
initial_velocity_random = 0.5
angle = 720.0
angle_random = 1.0
scale_curve = SubResource( 17 )
color = Color( 1, 0.956863, 0.686275, 1 )
hue_variation = 1.0
hue_variation_random = 1.0

[sub_resource type="SpatialMaterial" id=20]
flags_transparent = true
params_billboard_mode = 3
particles_anim_h_frames = 1
particles_anim_v_frames = 1
particles_anim_loop = false
albedo_color = Color( 0.772549, 0.54902, 0.329412, 1 )
albedo_texture = ExtResource( 2 )

[sub_resource type="QuadMesh" id=21]
material = SubResource( 20 )
size = Vector2( 0.3, 0.3 )

[node name="Spatial" type="Spatial"]
script = SubResource( 18 )

[node name="Particles" type="Particles" parent="."]
emitting = false
amount = 200
lifetime = 2.0
one_shot = true
speed_scale = 2.0
visibility_aabb = AABB( -61.13, -11.0409, -32.3492, 122.26, 22.0818, 64.6984 )
process_material = SubResource( 13 )
draw_pass_1 = SubResource( 15 )

[node name="Particles2" type="Particles" parent="."]
emitting = false
lifetime = 2.0
one_shot = true
speed_scale = 2.0
visibility_aabb = AABB( -61.13, -11.0409, -32.3492, 122.26, 22.0818, 64.6984 )
process_material = SubResource( 19 )
draw_pass_1 = SubResource( 21 )
